Map: Abyssal Reef LE

Players

uThermal - Winner!

  • Race: Terran Terran
  • Spawn Location: 11:00

miwa

  • Race: Zerg Zerg
  • Spawn Location: 5:00

Event: WCS Austin 2017

VOD

Have the link to the VOD?

Description

Time

  • Played on: April 28, 2017, 1:55 p.m.
  • Length: 6:00

All games in this series

Show
View Real Time Build Order
Export as new Build Order

uThermal Terran - Winner!

Build Orders: Reaper Expand 

Get SALT Encoding   

  12  0:01  SCV  
  13  0:13  SCV  
  14  0:17  Supply Depot  
  14  0:26  SCV  
  15  0:38  SCV  
  15  0:40  Barracks  
  16  0:44  Refinery  
  16  0:50  SCV  
  17  1:03  SCV  
  18  1:15  SCV  
  19  1:27  Reaper  
  19  1:28  Orbital Command  
  20  1:42  Command Center  
  20  1:52  Barracks  
  20  1:56  SCV  
  20  2:00  Barracks Reactor  
  21  2:08  SCV  
  22  2:13  Supply Depot  
  22  2:20  SCV  
  22  2:22  Refinery  
  23  2:34  SCV  
  24  2:37  Marine x2  
  24  2:38  Factory  
  24  2:40  Barracks Tech Lab  
  26  2:46  SCV  
  27  2:55  Marine x2  
  27  2:58  SCV, Orbital Command  
  29  3:02  Stimpack  
  30  3:07  Marine  
  30  3:11  SCV  
  30  3:12  Marine x2  
  34  3:22  Starport  
  34  3:24  SCV x2  
  36  3:27  Factory Reactor  
  36  3:29  Marine  
  36  3:31  Marine  
  36  3:33  Marine  
  39  3:36  SCV  
  39  3:37  SCV  
  41  3:41  Supply Depot  
  41  3:46  Marine  
  42  3:48  SCV  
  42  3:49  Marine  
  42  3:50  SCV  
  42  3:51  Marine  
  46  3:58  Supply Depot  
  46  4:03  SCV x2  
  46  4:06  Marine  
  46  4:08  Medivac  
  46  4:09  Medivac  
  53  4:15  SCV  
  54  4:19  Marine x2  
  54  4:22  Engineering Bay  
  54  4:23  Engineering Bay  
  56  4:24  Marine  
  56  4:25  SCV  
  56  4:27  SCV  
  59  4:35  Supply Depot  
  59  4:37  Marine x2, SCV  
  62  4:42  Marine  
  62  4:52  SCV  
  62  4:56  Marine  
  62  4:57  SCV  
  64  5:00  Engineering Bay, Marine  
  64  5:01  Marine  
  64  5:04  SCV  
  67  5:09  SCV  
  67  5:10  Supply Depot  
  68  5:14  Marine  
  68  5:17  SCV  
  68  5:21  Supply Depot  
  70  5:31  Marine x2, SCV x2  
  70  5:32  Marine  
  75  5:38  Supply Depot  
  78  5:43  SCV x2  
Show
View Real Time Build Order
Export as new Build Order

miwa Zerg 

Build Orders: Hatch First, Zergling Baneling 

Get SALT Encoding   

  12  0:00  Drone  
  13  0:10  Drone  
  14  0:16  Overlord  
  14  0:22  Extractor  
  14  0:24  Drone  
  15  0:35  Drone x2  
  17  0:57  Hatchery  
  17  1:00  Drone  
  17  1:06  Drone x2  
  17  1:09  Extractor  
  18  1:24  Spawning Pool  
  17  1:26  Drone  
  17  1:30  Drone  
  19  1:37  Overlord  
  19  2:11  Zergling x6  
  19  2:12  Zergling x2  
  19  2:14  Queen  
  27  2:20  Queen, Metabolic Boost  
  28  2:37  Drone x4  
  32  2:44  Drone x2  
  33  2:52  Overlord  
  33  2:56  Drone  
  34  3:03  Overlord  
  33  3:16  Hatchery  
  33  3:18  Drone  
  33  3:27  Extractor  
  33  3:30  Zergling x4  
  33  3:31  Baneling Nest  
  33  3:36  Zergling x4  
  33  3:40  Zergling x2  
  36  3:45  Zergling x4  
  38  3:53  Overlord  
  38  3:55  Zergling x2  
  39  4:02  Zergling x6  
  41  4:22  Baneling  
  41  4:23  Baneling x9  
  41  4:26  Zergling x4  
  41  4:30  Zergling x2  
  39  4:50  Zergling x6  
  39  4:51  Zergling x6  
  37  4:56  Drone x2  
  37  5:01  Drone  
  38  5:10  Drone x3  
  41  5:19  Zergling x2  
  41  5:20  Zergling x4  
  44  5:24  Overlord  
  44  5:29  Baneling x5  
Tags
 
Add a new tag
Caveats
  • Supply blocks, unpowered buildings, or Contaminate may cause inaccurate times.
  • Supply counts are checked every 10 seconds.